AoeStats
← Msp

MegaRandom

506911216Analyzed
3v3 RM · 17d ago on Sep 15, 2026· 33m 4s· 6 players
Game mode
Random Map
Map size
Normal (6 player)
Population
200
Speed
Normal
Resources
Standard
Victory
Conquest
Starting age
Dark Age
Ending age
Imperial Age
RankedLock teamsTeams togetherTeam positionsShared explorationLock speedFull tech treeHidden civsTurbo modeCheats
Victory
Defeat
🇪🇸 Vietnamese · Spain
1568
+11
🇧🇷 Jurchens · Brazil
1499
+13
🇩🇪 Mongols · Germany
1476
+14
🇫🇷 Italians · France
1493
-14
🇫🇷 Magyars · France
1442
-13
🇫🇷 Britons · France
1388
-11
Paradigma
11:18 Feudal Age
11:37 Loom
11:58 Double-Bit Axe
17:54 Castle Age
17:43 Stone Mining
18:02 Fishing Lines
17:56 Pikeman
23:53 Fortified Bastions
29:30 Imperial Age
28:13 Scale Barding Armor
28:41 Forging
30:21 Fletching
30:52 Bow Saw
32:00 Wheelbarrow
DJ Pesto
10:04 Feudal Age
10:56 Double-Bit Axe
11:52 Fletching
22:54 Castle Age
21:11 Fishing Lines
23:49 Medium Warships
23:35 Bodkin Arrow
24:23 Loom
25:23 Ballistics
25:16 Careening
26:24 Clinker Construction
27:30 Gillnets
jdac
8:05 Loom
10:12 Feudal Age
10:59 Double-Bit Axe
11:34 Fishing Lines
13:21 Gold Mining
20:52 Castle Age
21:33 Wheelbarrow
21:49 Medium Warships
22:26 Bow Saw
22:58 Clinker Construction
23:46 Careening
24:20 Horse Collar
27:37 Fletching
29:54 Bodkin Arrow
31:18 Stone Mining
33:09 Ballistics
virustg
8:19 Loom
10:12 Feudal Age
11:09 Double-Bit Axe
19:05 Castle Age
17:20 Fletching
18:46 Gold Mining
19:01 Fishing Lines
20:15 Horse Collar
21:39 Horse Collar
24:39 Wheelbarrow
25:12 Bodkin Arrow
30:56 Imperial Age
28:43 Stone Mining
29:21 Town Watch
atchoubaka
11:17 Feudal Age
15:47 Wheelbarrow
15:27 Fletching
15:37 Double-Bit Axe
20:03 Castle Age
19:51 Fletching
21:02 Medium Warships
20:53 Bodkin Arrow
21:49 Crossbowman
23:26 Loom
28:33 Bow Saw
Msp
4:05 Loom
9:51 Feudal Age
10:24 Double-Bit Axe
14:08 Fletching
24:53 Castle Age
26:32 Medium Warships
26:51 Bow Saw
28:08 Wheelbarrow
27:49 Gold Mining
27:55 Stone Mining
27:43 Demolition Ship
Connection lost

Rejoining the realm…

Still unreachable

The connection could not be restored.

Session expired

The server has moved on; the page needs a fresh start.